 Dungeon Crawl Stone Soup version 0.20.1-1-g8b1a95d (webtiles) character file.

240 dohliylev the Covert (level 5, -2/37 HPs)
             Began as a Vampire Enchanter on Dec 12, 2017.
             Slain by a bullfrog skeleton (4 damage)
             ... on level 4 of the Dungeon.
             The game lasted 00:11:14 (4000 turns).

dohliylev the Covert (Vampire Enchanter)            Turns: 4000, Time: 00:11:14

Health: -2/37      AC:  5    Str:  7    XL:     5   Next: 79%
Magic:  17/17      EV: 12    Int: 18    God:
Gold:   193        SH:  3    Dex: 15    Spells: 5/8 levels left

rFire    . . .     SeeInvis +   a - +1 dagger
rCold    + . .     Gourm    .   p - +0 buckler
rNeg     + + .     Faith    .   b - +0 robe
rPois    +         Spirit   .   (no helmet)
rElec    .         Reflect  .   o - +0 cloak
rCorr    .         Harm     .   h - +1 pair of gloves
MR       .....                  (no boots)
Stlth    +++++.....             (no amulet)
Regen    0.1/turn               k - ring of magical power
MPRegen  0.2/turn               (no ring)

@: regenerating slowly
A: fangs 3, see invisible, unbreathing
a: Bat Form


You were on level 4 of the Dungeon.
You were thirsty.

You visited 1 branch of the dungeon, and saw 4 of its levels.

You collected 193 gold pieces.

Inventory:

Hand Weapons
 a - a +1 dagger (weapon)
Armour
 b - a +0 robe (worn)
 h - a +1 pair of gloves (worn)
 o - a +0 cloak (worn)
 p - a +0 buckler (worn)
Jewellery
 k - a ring of magical power (left hand)
Scrolls
 e - a scroll of enchant armour {unknown}
 f - 6 scrolls of identify {unknown}
 i - 2 scrolls of immolation {unknown}
 j - 2 scrolls of remove curse {unknown}
 m - 3 scrolls of teleportation {unknown}
 r - a scroll of amnesia {unknown}
Potions
 d - 11 potions of blood
 g - 2 potions of heal wounds {unknown}
 l - a potion of resistance {unknown}
 q - a potion of might {unknown}
Books
 c - a book of Maledictions

   Spells                             Type                      Level
   a - Corona                         Hexes                        1
   b - Ensorcelled Hibernation        Hexes/Ice                    2
   c - Confuse                        Hexes                        3
   d - Tukima's Dance                 Hexes                        3
   e - Dazzling Spray                 Conjuration/Hexes            3
 n - a book of Minor Magic

   Spells                             Type                      Level
   a - Magic Dart                     Conjuration                  1
   b - Blink                          Translocation                2
   c - Call Imp                       Summoning                    2
   d - Slow                           Hexes                        2
   e - Conjure Flame                  Conjuration/Fire             3
   f - Mephitic Cloud                 Conjuration/Poison/Air       3


   Skills:
 - Level 1.0 Fighting
 - Level 1.1 Short Blades
 - Level 2.1 Dodging
 + Level 8.7 Stealth
 + Level 2.3 Spellcasting
 + Level 4.8 Hexes
 - Level 2.0 Ice Magic


You had 5 spell levels left.
You knew the following spells:

 Your Spells              Type           Power        Failure   Level  Hunger
a - Corona                Hex            ###....      4%          1    #......
b - Ensorcelled Hibernat  Hex/Ice        ##....       11%         2    ##.....


Dungeon Overview and Level Annotations

Branches:
Dungeon (4/15)
 Temple: D:4-7

Altars:
Nemelex Xobeh


Innate Abilities, Weirdness & Mutations

You heal slowly.
You have razor-sharp teeth.
You have supernaturally acute eyesight. (SInv)
You can survive without breathing.


Message History

The bullfrog skeleton hits you.
You hit the bullfrog skeleton.
The bullfrog skeleton is heavily damaged.
The bullfrog skeleton hits you.
* * * LOW HITPOINT WARNING * * *
You hit the bullfrog skeleton but do no damage.
The bullfrog skeleton is heavily damaged.
The bullfrog skeleton hits you.
* * * LOW HITPOINT WARNING * * *
The bullfrog skeleton hits you.
* * * LOW HITPOINT WARNING * * *
You hit the bullfrog skeleton.
The bullfrog skeleton is heavily damaged.
The bullfrog skeleton hits you.
* * * LOW HITPOINT WARNING * * *
The bullfrog skeleton stops glowing.
The bullfrog skeleton barely misses you.
The bullfrog skeleton barely misses you.
The bullfrog skeleton hits you.
You die...

#########......... ..# .####
####........#..... ..#
....## ...#.#####..##..♣.
#.##.....# ...# ##..####♣
###.#....... ...#. #.....#
######........#.# .....
##..#####...............#
...#
###...###.......(......#
...#
##......................##.
...#
##.......<.@Z..............#
####
#........................#.#
#..........................#
#.........................##
####
##............<..........##
#..#
##...##....)...........##
#..# ######.........#.....##
...###### #.###############
..#..#..# #.#


You could see a bullfrog skeleton.

Vanquished Creatures
  An orc wizard (D:4)
  An iguana (D:4)
  3 worker ants (D:4)
  4 adders
  3 worms
  2 dart slugs (D:2)
  A leopard gecko (D:2)
  4 orcs
  3 ball pythons
  6 giant cockroaches
  6 goblins
  4 hobgoblins
  2 quokkas
  6 bats
  6 frilled lizards
  9 kobolds
  7 rats
68 creatures vanquished.

Notes
Turn   | Place    | Note
-------+----------+-------------------------------------------
     0 | D:1      | dohliylev the Vampire Enchanter began the quest for the Orb.
     0 | D:1      | Reached XP level 1. HP: 13/13 MP: 3/3
   135 | D:1      | Reached skill level 5 in Stealth
   224 | D:1      | Reached XP level 2. HP: 20/20 MP: 5/5
   228 | D:1      | Learned a level 2 spell: Ensorcelled Hibernation
   359 | D:1      | You fall through a shaft!
   530 | D:2      | Reached skill level 6 in Stealth
   530 | D:2      | Reached XP level 3. HP: 12/25 MP: 1/6
  1211 | D:2      | Reached skill level 1 in Fighting
  1512 | D:2      | HP: 1/26 [worm (10)]
  2429 | D:2      | Reached skill level 1 in Ice Magic
  2429 | D:2      | Reached XP level 4. HP: 26/32 MP: 0/7
  2763 | D:3      | Reached skill level 7 in Stealth
  3419 | D:4      | Found a sparkling altar of Nemelex Xobeh.
  3733 | D:4      | Reached XP level 5. HP: 37/37 MP: 8/8
  3818 | D:4      | Reached skill level 8 in Stealth
  3991 | D:4      | HP: 1/37 [bullfrog skeleton (1)]
  4000 | D:4      | Slain by a bullfrog skeleton

Skill      XL: |  1  2  3  4  5 |
---------------+----------------+-----
Stealth        | 5 6 7 8 |  8.7
Fighting       | 1 |  1.0
Ice Magic      | 1 2 |  2.0
Short Blades   | |  1.1
Dodging        | |  2.1
Spellcasting   | |  2.3
Hexes          | |  4.8

Action                   |  1- 3 |  4- 6 || total
-------------------------+-------+-------++-------
Melee: Dagger            |   108 |    50 ||   158
       Bite              |     8 |     2 ||    10
 Cast: Corona            |     7 |     1 ||     8
       Ensorcelled Hiber |    30 |    35 ||    65
  Use: Potion            |     1 |     2 ||     3
 Stab: Sleeping          |    27 |    24 ||    51
  Eat: Corpse            |     4 |     4 ||     8
Armor: Robe              |    17 |    18 ||    35
Dodge: Dodged            |    72 |    37 ||   109
